 Dungeon Crawl Stone Soup version 0.29.0-4-gdea44cf6ec (webtiles) character file.

Game seed: 16436457187111276209

112 qw the Chopper (level 4, -4/26 HPs)
             Began as a Tengu Warper on Aug 28, 2022.
             Slain by an orc
             ... wielding a +0 trident
              (5 damage)
             ... on level 3 of the Dungeon.
             The game lasted 00:00:17 (3432 turns).

qw the Chopper (Tengu Warper)                       Turns: 3432, Time: 00:00:17

Health: -4/26      AC:  5    Str: 13    XL:     4   Next: 93%
Magic:  0/8        EV: 11    Int: 13    God:
Gold:   213        SH:  0    Dex: 14    Spells: 7/7 levels left

rFire   . . .      SeeInvis .   Y - +0 hand axe
rCold   . . .      Faith    .   (no shield)
rNeg    . . .      Spirit   +   g - +0 ring mail
rPois   .          Reflect  .   (helmet restricted)
rElec   .          Harm     .   (no cloak)
rCorr   .          Rampage  .   (no gloves)
Will    .....                   (boots unavailable)
Stlth   +.........              j - amulet of guardian spirit
HPRegen 0.08/turn               (no ring)
MPRegen 0.11/turn               (no ring)

@: no status effects
A: beak, talons 3
a: no special abilities


You were on level 3 of the Dungeon.
You visited 1 branch of the dungeon, and saw 3 of its levels.

You collected 213 gold pieces.


Innate Abilities, Weirdness & Mutations

You have a beak for a mouth.
You have claws for feet.


   Skills:
 - Level 2.0 Fighting
 + Level 5.4 Axes
 - Level 1.0 Throwing
 - Level 1.1 Armour
 - Level 2.1 Dodging
 - Level 2.0 Spellcasting
 - Level 2.4 Translocations


You had 7 spell levels left.
You didn't know any spells.
Your spell library contained the following spells:

 Spells                   Type           Power      Damage    Failure   Level
 Blink                    Tloc           14%        N/A       30%         2
 Gell's Gravitas          Tloc           7%         N/A       52%         3
 Lesser Beckoning         Tloc           7%         N/A       52%         3
 Teleport Other           Tloc           7%         N/A       52%         3
 Manifold Assault         Tloc           7%         N/A       99%         5

Inventory:

Hand Weapons
 c - a +0 flail
 Y - a +0 hand axe (weapon)
Armour
 e - a +0 pair of gloves
 g - a +0 ring mail (worn)
Jewellery
 j - an amulet of guardian spirit (around neck)
Scrolls
 a - 4 scrolls of identify
 d - a scroll of silence {unknown}
Potions
 b - a potion of mutation
 f - a potion of cancellation
 h - a potion of ambrosia {unknown}
 i - 2 potions of curing {unknown}
 k - a potion of heal wounds {unknown}
 l - a potion of brilliance {unknown}

Dungeon Overview and Level Annotations

Branches:
Dungeon (3/15)

Altars:
Xom

Annotations:
D:1 1 transporter


Message History

You kill the orc!
You hit the orc priest but do no damage.
Your punch misses the orc priest.
The orc priest is lightly wounded.
The orc priest hits you with a +0 dagger.
You closely miss the orc priest.
You claw the orc priest, but do no damage.
The orc priest is lightly wounded.
The orc priest completely misses you. The orc misses you.
You closely miss the orc priest.
The orc priest is lightly wounded.
The orc priest hits you with a +0 dagger.
The orc barely misses you.
You barely miss the orc priest. Your peck misses the orc priest.
The orc priest is lightly wounded.
The orc priest hits you with a +0 dagger.
The orc hits you from afar with a +0 trident.
You hit the orc priest.
The orc priest is moderately wounded.
The orc priest barely misses you. The orc misses you.
You hit the orc priest.
The orc priest is moderately wounded.
The orc priest hits you with a +0 dagger.
The orc hits you from afar with a +0 trident.
You barely miss the orc priest. Your kick misses the orc priest.
Your peck misses the orc priest.
The orc priest is moderately wounded.
The orc priest looks braver for a moment.
The orc closely misses you.
You hear a shout!
You barely miss the orc priest. Your kick misses the orc priest.
Your peck misses the orc priest.
The orc priest is moderately wounded.
The orc priest mumbles some strange prayers to Beogh against you.
Pain shoots through your body! The orc closely misses you.
You barely miss the orc priest. Your kick misses the orc priest.
The orc priest is moderately wounded.
The orc priest hits you but does no damage.
The orc hits you from afar with a +0 trident.
You die...

... ... #.#
#.# .# #.#
#.# o# ## #.#
#.# .#
.###.###.####
.#
............#
.#
####.###.##.#
.# .....#
#.##.# ###o#
###### #.##:#
##@o.##
##.##.#
#.....#
###...#.#
#.....#
#.......#
#.....#
#.#...###
##...##
#.##.## ##)##
### #.##.#
#.# ..#
#.##.# #.#
#.###.##.#
#.#


You could see an orc priest and an orc.

Vanquished Creatures
  Robin (D:3)
  3 adders (D:2)
  3 worms
  A dart slug (D:1)
  2 orcs (D:3)
  5 endoplasms
  3 giant cockroaches
  6 goblins
  11 hobgoblins
  4 jackals (D:3)
  2 quokkas
  3 ball pythons
  5 bats
  A frilled lizard (D:1)
  A kobold (D:3)
  7 rats
58 creatures vanquished.

Notes
Turn   | Place    | Note
-------+----------+-------------------------------------------
     0 | D:1      | qw the Tengu Warper began the quest for the Orb.
     0 | D:1      | Reached XP level 1. HP: 12/12 MP: 4/4
     0 | D:1      | 0 ||| qw: Version: 0.1-a-89-g26bdef1
     0 | D:1      | 0 ||| qw: Game counter: 2264
     0 | D:1      | 0 ||| qw: Always use a shield: true
     0 | D:1      | 0 ||| qw: God list: Okawaru
     0 | D:1      | 0 ||| qw: Allow faded altars: false
     0 | D:1      | 0 ||| qw: Do Orc after D:15 true
     0 | D:1      | 0 ||| qw: Do second Lair branch before Depths: true
     0 | D:1      | 0 ||| qw: Lair rune preference: random
     0 | D:1      | 0 ||| qw: Plans: Normal
     0 | D:1      | 0 ||| PLANNING D:1-11
    90 | D:1      | Reached skill level 3 in Axes
    90 | D:1      | Reached XP level 2. HP: 17/17 MP: 6/6
   314 | D:1      | Found a faded altar of an unknown god.
   483 | D:1      | 483 ||| Stepping ~*~*~tactically~*~*~ (stealth).
   485 | D:1      | 485 ||| Stepping ~*~*~tactically~*~*~ (stealth).
   490 | D:1      | 490 ||| Stepping ~*~*~tactically~*~*~ (stealth).
   512 | D:1      | 512 ||| Stepping ~*~*~tactically~*~*~ (stealth).
   602 | D:1      | 602 ||| Stepping ~*~*~tactically~*~*~ (stealth).
   818 | D:1      | 818 ||| UPGRADING to +0 ring mail.
   828 | D:1      | 828 ||| DROPPING +0 leather armour.
   829 | D:1      | 829 ||| READING 2 scrolls labelled LOZO LOITEMNEI.
   830 | D:1      | 830 ||| READING scroll labelled UCIYXIA LIZER.
   831 | D:1      | 831 ||| READING scroll labelled LENUNG XAUTHUF.
   832 | D:1      | 832 ||| READING scroll labelled DAOSSU MASIL.
   833 | D:1      | 833 ||| DROPPING scroll of blinking.
   855 | D:2      | Reached XP level 3. HP: 21/21 MP: 7/7
   867 | D:2      | Reached skill level 4 in Axes
  1233 | D:2      | HP: 1/21 [worm (7)]
  2053 | D:2      | 2053 ||| DROPPING orb of guile.
  2054 | D:2      | 2054 ||| UPGRADING to amulet of guardian spirit.
  2059 | D:2      | 2059 ||| READING scroll labelled PEGISK LIOTENN.
  2060 | D:2      | 2060 ||| READING scroll labelled UZAWIU PAYK.
  2064 | D:2      | 2064 ||| READING 3 scrolls of identify.
  2064 | D:2      | 2064 ||| IDENTIFYING sedimented brown potion
  2065 | D:2      | 2065 ||| READING 2 scrolls of identify.
  2065 | D:2      | 2065 ||| IDENTIFYING inky potion
  2076 | D:3      | 2076 ||| STAIRDANCE
  2082 | D:2      | Reached XP level 4. HP: 24/26 MP: 6/8
  2105 | D:3      | 2105 ||| STAIRDANCE
  2109 | D:2      | HP: 6/26 [poisoned by an adder]
  2114 | D:2      | HP: 2/26 [poisoned by an adder]
  2506 | D:3      | 2506 ||| DROPPING +0 mace.
  2579 | D:3      | 2579 ||| Stepping ~*~*~tactically~*~*~ (stealth).
  2581 | D:3      | 2581 ||| Stepping ~*~*~tactically~*~*~ (stealth).
  2606 | D:3      | Noticed Robin
  2607 | D:3      | 2607 ||| Stepping ~*~*~tactically~*~*~ (stealth).
  2616 | D:3      | Killed Robin
  2617 | D:3      | Reached skill level 5 in Axes
  3035 | D:3      | Found a shimmering altar of Xom.
  3408 | D:3      | 3408 ||| Stepping ~*~*~tactically~*~*~ (stealth).
  3413 | D:3      | 3413 ||| Stepping ~*~*~tactically~*~*~ (hiding).
  3420 | D:3      | 3420 ||| Stepping ~*~*~tactically~*~*~ (hiding).
  3431 | D:3      | HP: 1/26 [orc priest/nerve-wracking pain (8)]
  3432 | D:3      | Slain by an orc

Levels and vault maps discovered:
D:1:      spicycebolla_arrival_risky_transporter, layout_rooms,
          hellmonk_ecumenical_altar_run_dry, solitary_fountain
D:2:      layout_basic
D:3:      layout_loops_ring, lemuel_doored_altar, small_statue_intersection,
          uniq_robin

Skill      XL: |  1  2  3  4 |
---------------+-------------+-----
Axes           | 3 4 5 |  5.4
Fighting       | |  2.0
Throwing       | |  1.0
Armour         | |  1.1
Dodging        | |  2.1
Spellcasting   | |  2.0
Translocations | |  2.4

Action                   |  1- 3 |  4- 6 || total
-------------------------+-------+-------++-------
Melee: Hand axe          |    89 |    69 ||   158
       Kick              |    16 |    19 ||    35
       Peck              |    15 |    11 ||    26
Throw: Boomerang         |     7 |       ||     7
  Use: Scroll            |     8 |       ||     8
Armor: Leather armour    |     6 |       ||     6
       Ring mail         |    19 |    13 ||    32
Dodge: Dodged            |    40 |    23 ||    63

Table legend:
 A = Non-vault XP
 B = Vault XP
 C = Vault XP percentage of total XP
 D = Non-vault monster count
 E = Vault monster count
 F = Vault count percentage of total count
                 A         B        C        D         E       F
            +---------+---------+-------+---------+---------+-------
      Total |     129 |      31 |  19.4 |      49 |       9 |  15.5
            +---------+---------+-------+---------+---------+-------
        D:1 |      33 |       0 |   0.0 |      19 |       0 |   0.0
        D:2 |      63 |       0 |   0.0 |      17 |       0 |   0.0
        D:3 |      33 |      31 |  48.4 |      13 |       9 |  40.9
            +---------+---------+-------+---------+---------+-------
